 Dungeon Crawl Stone Soup version 0.21.0-3-g78d12a8 (webtiles) character file.

1526 sankara the Insei (level 8, -2/70 HPs)
             Began as a Red Draconian Transmuter on Jan 17, 2018.
             Was a Follower of Makhleb.
             Slain by a killer bee (8 damage)
             ... on level 6 of the Dungeon.
             The game lasted 00:34:04 (8758 turns).

sankara the Insei (Red Draconian Transmuter)        Turns: 8758, Time: 00:34:05

Health: -2/70      AC:  6    Str: 12    XL:     8   Next: 55%
Magic:  11/11      EV: 13    Int: 14    God:    Makhleb [*.....]
Gold:   379        SH:  3    Dex: 14    Spells: 0/11 levels left

rFire    + . .     SeeInvis .     - Unarmed
rCold    + . .     Gourm    .   h - +0 buckler (curse)
rNeg     . . .     Faith    .   (armour unavailable)
rPois    +         Spirit   .   (helmet restricted)
rElec    .         Reflect  .   (no cloak)
rCorr    .         Harm     .   (no gloves)
MR       +....                  (no boots)
Stlth    +.........             (no amulet)
HPRegen  0.21/turn              E - ring of protection from cold (curse)
MPRegen  0.12/turn              l - ring of poison resistance

@: about to teleport, short of breath
A: breathe fire, unfitting armour, antennae 1, blink, fire resistance 1, magic
resistance 1, evolution 1, cold-blooded, AC +6
a: Breathe Fire, Blink, Renounce Religion


You were on level 6 of the Dungeon.
You worshipped Makhleb.
Makhleb was aware of your devotion.
You were not hungry.

You visited 2 branches of the dungeon, and saw 8 of its levels.

You collected 379 gold pieces.

Inventory:

Hand Weapons
 i - a +1 dagger of holy wrath
 k - a cursed -3 whip
Missiles
 a - 98 arrows
 x - 3 tomahawks
 C - 3 javelins (quivered)
 G - 4 poisoned tomahawks
Armour
 h - a cursed +0 buckler (worn)
Jewellery
 j - an uncursed ring of positive energy
 l - a ring of poison resistance (right hand)
 t - an uncursed ring of stealth
 v - an uncursed ring of positive energy
 E - a cursed ring of protection from cold (left hand)
Scrolls
 d - 4 scrolls of enchant weapon
 e - 7 scrolls of teleportation
 f - a scroll of blinking {unknown}
 g - 8 scrolls of remove curse {unknown}
 o - a scroll of fog {unknown}
 q - 3 scrolls of amnesia {unknown}
 r - 2 scrolls of immolation {unknown}
 u - 3 scrolls of magic mapping {unknown}
 y - 3 scrolls of enchant armour {unknown}
Potions
 m - a potion of curing
 n - 3 potions of flight
 p - 2 potions of mutation
 s - a potion of magic
 w - a potion of brilliance {unknown}
 z - a potion of lignification {unknown}
 A - a potion of cancellation {unknown}
 B - a potion of ambrosia
 D - a potion of berserk rage {unknown}
 F - a potion of invisibility
Books
 b - a book of Changes

   Spells                             Type                      Level
   a - Beastly Appendage              Transmutation                1
   b - Sticks to Snakes               Transmutation                2
   c - Spider Form                    Transmutation/Poison         3
   d - Ice Form                       Ice/Transmutation            4
   e - Blade Hands                    Transmutation                5
Comestibles
 c - 10 rations
 H - a chunk of flesh


   Skills:
 + Level 6.0 Fighting
 + Level 4.4 Dodging
 + Level 6.6 Unarmed Combat
 - Level 2.0 Spellcasting
 + Level 5.7 Transmutations


You couldn't memorise any spells.
You knew the following spells:

 Your Spells              Type           Power        Failure   Level  Hunger
a - Beastly Appendage     Tmut           ###...       3%          1    ##.....
b - Sticks to Snakes      Tmut           ###.....     6%          2    ###....
c - Spider Form           Tmut/Pois      #.........   36%         3    ####...
d - Blade Hands           Tmut           ###.......   71%         5    ######.


Dungeon Overview and Level Annotations

Branches:
Dungeon (7/15)             Temple (1/1) D:4

Altars:
Ashenzari
Cheibriados
Dithmenos
Elyvilon
Fedhas
Gozag
Hepliaklqana
Kikubaaqudgha
Makhleb
Nemelex Xobeh
Qazlal
Ru
Sif Muna
Trog
Uskayaw
Wu Jian
Xom
Yredelemnul
Zin
The Shining One

Shops:
D:4 *   D:5 [

Annotations:
D:3 exclusion: oklob plant
D:4 matthes123's ghost, amateur MiFi


Innate Abilities, Weirdness & Mutations

You can breathe blasts of fire.
Your fiery red scales are hard. (AC +6)
You cannot fit into any form of body armour.
Your flesh is heat resistant. (rF+)
You are cold-blooded and may be slowed by cold attacks.
You have a pair of small antennae on your head.
You can translocate small distances at will.
You are resistant to hostile enchantments. (MR+)
You evolve.


Message History

The killer bee closely misses you.
You blink.
You feel slightly more hungry.
As you read the scroll labeled YTRATI YNOI, it crumbles to dust.
It is a scroll of enchant weapon.
Really abort (and waste the scroll)?
Uppercase [Y]es or [N]o only, please.
Really abort (and waste the scroll)?
Okay, then.
As you read the scroll labeled WACAFY QYCO, it crumbles to dust.
You feel strangely unstable.
It was a scroll of teleportation.
Your talons disappear.
The killer bee stings you.
* * * LOW HITPOINT WARNING * * *
Okay, then.
You feel better. The killer bee stings you.
* * * LOW HITPOINT WARNING * * *
The killer bee misses you. The killer bee stings you.
* * * LOW HITPOINT WARNING * * *
The killer bee stings you!
You die...

##### ##...####
###.......####
###.....y@.....#
##...####y......#
#...## ##....###
#..## ##....#
#.ยง# #.....#
#..# #.....# #..#
#.....# # #..#
#..#..# # #..#
##..#.##


You could see 2 killer bees.

Vanquished Creatures
  An ice beast (D:5)
  A phantom (D:5)
  An orc warrior (D:6)
  A sky beast (D:6)
  The ghost of Dzirau the Charmwright, an amateur GnSk (D:3)
  A centaur (D:4)
  A bullfrog (D:6)
  A scorpion (D:6)
  A killer bee (D:6)
  2 howler monkeys
  A bullfrog zombie (D:5)
  A hound (D:3)
  2 jellies (D:6)
  2 orc priests (D:5)
  Jessica (D:2)
  An iguana (D:5)
  2 worker ants
  Natasha (thrice) (D:2)
  4 orc wizards
  Robin (D:2)
  8 adders
  3 shadow imps
  An ooze (D:3)
  5 worms
  2 dart slugs
  6 leopard geckos
  11 orcs
  11 bats
  3 giant cockroaches
  30 goblins
  13 hobgoblins
  10 jackals
  4 kobolds
  A quokka (D:6)
  2 ball pythons
  6 frilled lizards
  2 jackal skeletons
  4 rats
151 creatures vanquished.

Vanquished Creatures (collateral kills)
  Menkaure (D:6)
1 creature vanquished.

Vanquished Creatures (others)
  A wizard (D:4)
  An orc wizard (D:6)
2 creatures vanquished.

Grand Total: 154 creatures vanquished

Notes
Turn   | Place    | Note
-------+----------+-------------------------------------------
     0 | D:1      | sankara the Draconian Transmuter began the quest for the Orb.
     0 | D:1      | Reached XP level 1. HP: 16/16 MP: 3/3
   140 | D:1      | Reached XP level 2. HP: 22/23 MP: 3/5
   149 | D:1      | Learned a level 2 spell: Sticks to Snakes
  1105 | D:2      | Reached XP level 3. HP: 29/29 MP: 4/6
  1321 | D:2      | Learned a level 3 spell: Spider Form
  1451 | D:2      | Noticed Natasha
  1472 | D:2      | Killed Natasha
  1472 | D:2      | Reached XP level 4. HP: 22/36 MP: 5/7
  1488 | D:2      | Noticed Natasha
  1518 | D:2      | Killed Natasha
  1987 | D:2      | Noticed Natasha
  2000 | D:2      | Killed Natasha
  2000 | D:2      | Reached XP level 5. HP: 20/44 MP: 8/8
  2207 | D:2      | Noticed Jessica
  2213 | D:2      | Killed Jessica
  2258 | D:2      | Noticed Robin
  2270 | D:2      | Killed Robin
  2587 | D:2      | Found a shadowy altar of Dithmenos.
  3548 | D:3      | Noticed Dzirau's ghost (amateur GnSk)
  3571 | D:3      | Gained mutation: You have a pair of small antennae on your head. [potion of mutation]
  3571 | D:3      | Gained mutation: You evolve. [potion of mutation]
  3571 | D:3      | Gained mutation: You are resistant to hostile enchantments. (MR+) [potion of mutation]
  4178 | D:3      | Found a burning altar of Makhleb.
  4183 | D:3      | Reached XP level 6. HP: 39/51 MP: 7/9
  4192 | D:3      | Became a worshipper of Makhleb the Destroyer
  4417 | D:3      | Found a sparkling altar of Nemelex Xobeh.
  4470 | D:3      | Found a blossoming altar of Fedhas.
  4483 | D:3      | Noticed an oklob plant
  4744 | D:4      | Found an opulent altar of Gozag.
  4894 | D:4      | Found a bloodstained altar of Trog.
  4895 | D:4      | Noticed a wizard
  4900 | D:4      | Killed a wizard
  4951 | D:4      | Found a stormy altar of Qazlal.
  4997 | D:4      | Reached skill level 5 in Unarmed Combat
  5119 | D:4      | Found Gozag's Platinum Reserve.
  5272 | D:4      | Noticed matthes123's ghost (amateur MiFi)
  5275 | D:4      | Found a staircase to the Ecumenical Temple.
  5505 | D:3      | Killed Dzirau's ghost
  5542 | D:4      | Found a glowing silver altar of Zin.
  5671 | D:4      | Your scales start taking on a fiery red colour.
  5671 | D:4      | Reached XP level 7. HP: 58/59 MP: 7/10
  5671 | D:4      | Gained mutation: Your flesh is heat resistant. (rF+) [Red Draconian growth]
  5747 | D:4      | Reached * piety under Makhleb
  5937 | Temple   | Entered the Ecumenical Temple
  6027 | D:5      | Entered Level 5 of the Dungeon
  6087 | D:5      | Found Nifriu's Armour Emporium.
  6342 | D:5      | Gained mutation: You can translocate small distances at will. [evolution]
  7024 | D:5      | Reached skill level 5 in Fighting
  7265 | D:6      | Noticed Menkaure
  7277 | D:6      | Killed Menkaure
  7277 | D:6      | Reached skill level 5 in Transmutations
  7277 | D:6      | Reached XP level 8. HP: 68/68 MP: 5/11
  7698 | D:6      | Learned a level 5 spell: Blade Hands
  8605 | D:7      | Found a basalt altar of Yredelemnul.
  8758 | D:6      | Slain by a killer bee

Skill      XL: |  1  2  3  4  5  6  7  8 |
---------------+-------------------------+-----
Fighting       | 2 3 4 5 6 |  6.0
Unarmed Combat | 4 5 6 |  6.6
Transmutations | 3 4 5 |  5.7
Dodging        | 2 3 4 |  4.4
Spellcasting   | |  2.0

Action                   |  1- 3 |  4- 6 |  7- 9 || total
-------------------------+-------+-------+-------++-------
Melee: Unarmed           |   114 |   293 |   228 ||   635
       Headbutt          |     4 |     7 |       ||    11
       Punch             |     1 |       |       ||     1
       Kick              |     9 |    30 |    54 ||    93
       Tailslap          |     6 |    25 |    28 ||    59
 Cast: Beastly Appendage |    16 |    36 |    31 ||    83
       Spider Form       |       |     4 |       ||     4
       Sticks to Snakes  |       |     1 |     2 ||     3
 Abil: Breathe Fire      |       |       |    10 ||    10
       Blink             |       |       |     2 ||     2
  Use: Potion            |       |     6 |     2 ||     8
       Scroll            |       |       |     4 ||     4
 Stab: Sleeping          |       |     2 |       ||     2
       Distracted        |       |       |     1 ||     1
  Eat: Chunk             |     2 |    14 |    11 ||    27
       Ration            |       |       |     1 ||     1
Armor: Skin              |    32 |    84 |    52 ||   168
Dodge: Dodged            |    65 |   165 |    98 ||   328
Block: Buckler           |    10 |    29 |    39 ||    78
